[ AOE2 MATCH · #475898112 ]
UnrankedWei vs Slavs
[ REPLAY ANALYSIS · EXTRACTED FROM THE RECORDED GAME ]
Feudal
12:23
Castle
20:53
Imperial
29:17
| APM avg | 24.8 |
| APM peak | 77 |
| eAPM avg | 17.1 |
| Villagers / military | 132 / 432 |
Focus
⚔️ 41.2% · 🌾 58.8%
Spearman ×429 · Unknown (1952) ×139 · Unknown (1942) ×30 · Trade Cart ×5 · Scout Cavalry ×3 · Unknown (1949) ×1
Feudal
12:04
Castle
15:55
Imperial
33:21
| APM avg | 28.3 |
| APM peak | 51 |
| eAPM avg | 24.6 |
| Villagers / military | 161 / 790 |
Focus
⚔️ 48.6% · 🌾 51.4%
Spearman ×365 · Militia ×342 · Battering Ram ×74 · Trade Cart ×14 · Trebuchet (Packed) ×6 · Petard ×2
Feudal
11:51
Castle
15:27
Imperial
28:12
| APM avg | 49.5 |
| APM peak | 104 |
| eAPM avg | 30.2 |
| Villagers / military | 140 / 564 |
Focus
⚔️ 39.0% · 🌾 61.0%
Scout Cavalry ×278 · Throwing Axeman ×148 · Knight ×129 · Trade Cart ×17 · Trebuchet (Packed) ×6 · Mangonel ×2
Feudal
10:39
Castle
14:51
Imperial
30:46
| APM avg | 33.1 |
| APM peak | 61 |
| eAPM avg | 23.2 |
| Villagers / military | 142 / 473 |
Focus
⚔️ 35.3% · 🌾 64.7%
Knight ×297 · Hand Cannoneer ×100 · Trade Cart ×77 · Scout Cavalry ×57 · Bombard Cannon ×18 · Monk ×1
Feudal
13:26
Castle
18:26
Imperial
33:24
| APM avg | 39.2 |
| APM peak | 93 |
| eAPM avg | 21.4 |
| Villagers / military | 200 / 578 |
Focus
⚔️ 35.2% · 🌾 64.8%
Spearman ×547 · Mangonel ×30 · Trade Cart ×4 · Trebuchet (Packed) ×1
Feudal
12:34
Castle
16:04
Imperial
32:15
| APM avg | 28.9 |
| APM peak | 70 |
| eAPM avg | 17.9 |
| Villagers / military | 222 / 217 |
Focus
⚔️ 21.8% · 🌾 78.2%
Gbeto ×146 · Militia ×64 · Trebuchet (Packed) ×6 · Mangonel ×1
Feudal
11:09
Castle
15:56
Imperial
30:08
| APM avg | 41.3 |
| APM peak | 112 |
| eAPM avg | 24.0 |
| Villagers / military | 154 / 531 |
Focus
⚔️ 34.5% · 🌾 65.5%
Knight ×514 · Trade Cart ×66 · Trebuchet (Packed) ×9 · Scout Cavalry ×5 · Monk ×1 · Mangonel ×1
Feudal
11:22
Castle
14:52
Imperial
29:37
| APM avg | 25.7 |
| APM peak | 58 |
| eAPM avg | 16.9 |
| Villagers / military | 234 / 283 |
Focus
⚔️ 29.5% · 🌾 70.5%
Scout Cavalry ×157 · Mameluke ×99 · Trade Cart ×46 · Mangonel ×21 · Bombard Cannon ×5 · Monk ×1
Match map
Initial resources + every placement click. Lines = walls · curves = elevation contours. ◆ gold · ⬟ stone · ● berries · ✦ relic · ◌ wall gap
Your base· ✓ Closed at 20:53 · 18t walls · no gate
KeremS's base· ✓ Closed at 15:55 · 17t walls · no gate
[Glitchmob] Schnippi's base· ✓ Closed at 15:27 · 0t walls · no gate
Wolliwup's base· ✓ Closed at 14:51 · 0t walls · no gate
LM | Gelga's base· ✓ Closed at 18:26 · 55t walls · no gate
[GER] MEM's base· ✓ Closed at 16:04 · 34t walls · no gate
Rüdiger's base· ✓ Closed at 15:56 · 0t walls · 1 gate(s)
Lynx's base· ✓ Closed at 14:52 · 0t walls · no gate
Smoothed initial terrain · ◌ = detected wall gap · hover for details
Inputs per minute
— KekB_Perce1992 - - KeremS
Build order — KekB_Perce1992
First 150 of 500 actions detected
| 0:00 | Create | Villager (Male) |
| 0:00 | Create | Villager (Male) |
| 0:01 | Create | Villager (Male) |
| 0:01 | Create | Villager (Male) |
| 0:02 | Build | House |
| 0:04 | Build | House |
| 0:38 | Research | Loom |
| 0:39 | Create | Villager (Male) |
| 0:39 | Create | Villager (Male) |
| 1:50 | Create | Villager (Male) |
| 2:30 | Create | Villager (Male) |
| 3:06 | Build | Palisade Wall |
| 3:07 | Build | Palisade Wall |
| 3:22 | Create | Villager (Male) |
| 3:55 | Create | Villager (Male) |
| 3:55 | Create | Villager (Male) |
| 4:09 | Build | Lumber Camp |
| 4:43 | Create | Villager (Male) |
| 5:04 | Create | Villager (Male) |
| 5:42 | Build | Palisade Wall |
| 5:45 | Build | Palisade Wall |
| 5:45 | Build | Palisade Wall |
| 5:48 | Create | Villager (Male) |
| 5:48 | Create | Villager (Male) |
| 5:48 | Create | Villager (Male) |
| 6:03 | Build | House |
| 6:11 | Create | Villager (Male) |
| 6:11 | Create | Villager (Male) |
| 6:32 | Build | Palisade Wall |
| 6:39 | Create | Villager (Male) |
| 6:54 | Create | Villager (Male) |
| 7:23 | Create | Villager (Male) |
| 7:46 | Create | Villager (Male) |
| 7:54 | Build | House |
| 8:15 | Build | Mill |
| 8:30 | Build | House |
| 8:32 | Create | Villager (Male) |
| 8:32 | Create | Villager (Male) |
| 9:22 | Create | Villager (Male) |
| 9:26 | Build | House |
| 9:37 | Build | Outpost |
| 9:38 | Build | Outpost |
| 9:45 | Create | Villager (Male) |
| 9:49 | Build | Mining Camp |
| 10:13 | Research | Feudal Age |
| 11:27 | Build | Barracks |
| 11:46 | Create | Villager (Male) |
| 11:46 | Create | Villager (Male) |
| 12:23 | Age | Feudal Age |
| 12:27 | Build | Stable |
| 12:44 | Build | Watch Tower |
| 12:58 | Research | Double-Bit Axe |
| 13:07 | Create | Villager (Male) |
| 13:21 | Create | Scout Cavalry |
| 13:21 | Create | Scout Cavalry |
| 13:22 | Build | House |
| 13:38 | Create | Villager (Male) |
| 13:44 | Research | Town Watch |
| 14:15 | Build | Blacksmith |
| 14:19 | Create | Villager (Male) |
| 14:27 | Create | Scout Cavalry |
| 15:01 | Create | Villager (Male) |
| 15:01 | Create | Villager (Male) |
| 15:08 | Build | Mining Camp |
| 15:15 | Build | House |
| 15:40 | Create | Villager (Male) |
| 15:42 | Build | Farm |
| 15:43 | Build | Farm |
| 15:45 | Build | Farm |
| 16:15 | Create | Villager (Male) |
| 16:36 | Research | Wheelbarrow |
| 16:53 | Build | Farm |
| 17:30 | Build | Farm |
| 17:30 | Build | Farm |
| 17:30 | Build | Farm |
| 17:40 | Build | Outpost |
| 17:45 | Build | Outpost |
| 18:02 | Build | Mining Camp |
| 18:07 | Build | Farm |
| 18:13 | Research | Castle Age |
| 18:40 | Build | Outpost |
| 19:07 | Research | Scale Barding Armor |
| 19:16 | Build | Archery Range |
| 19:17 | Build | Archery Range |
| 19:26 | Research | Fletching |
| 19:28 | Research | Padded Archer Armor |
| 19:44 | Build | Farm |
| 19:46 | Build | Farm |
| 19:48 | Build | Farm |
| 20:27 | Create | Villager (Male) |
| 20:27 | Create | Villager (Male) |
| 20:30 | Research | Horse Collar |
| 20:53 | Age | Castle Age |
| 21:03 | Research | Bow Saw |
| 21:23 | Build | Castle |
| 21:26 | Create | Villager (Male) |
| 21:50 | Create | Villager (Male) |
| 21:58 | Build | House |
| 21:59 | Build | House |
| 22:11 | Create | Villager (Male) |
| 22:38 | Build | Siege Workshop |
| 22:39 | Build | Siege Workshop |
| 22:41 | Create | Villager (Male) |
| 23:31 | Create | Villager (Male) |
| 23:32 | Create | Villager (Male) |
| 23:34 | Create | Villager (Male) |
| 23:36 | Build | Farm |
| 23:36 | Build | Farm |
| 23:37 | Build | Farm |
| 23:38 | Build | Farm |
| 23:39 | Build | Farm |
| 24:25 | Build | Town Center |
| 24:33 | Build | Farm |
| 24:39 | Create | Villager (Male) |
| 24:39 | Create | Villager (Male) |
| 24:51 | Build | Farm |
| 25:23 | Create | Villager (Male) |
| 26:07 | Research | Imperial Age |
| 26:33 | Create | Villager (Male) |
| 26:38 | Create | Villager (Male) |
| 27:05 | Create | Villager (Male) |
| 27:22 | Build | Town Center |
| 27:24 | Create | Villager (Male) |
| 27:31 | Research | Heavy Plow |
| 27:46 | Build | Lumber Camp |
| 27:57 | Research | Gold Mining |
| 28:06 | Create | Villager (Male) |
| 28:34 | Create | Villager (Male) |
| 28:34 | Create | Villager (Male) |
| 28:34 | Create | Villager (Male) |
| 28:44 | Build | Farm |
| 28:44 | Build | Farm |
| 28:44 | Build | Farm |
| 28:47 | Build | Farm |
| 28:47 | Build | Farm |
| 28:50 | Create | Villager (Male) |
| 28:50 | Create | Villager (Male) |
| 28:57 | Build | University |
| 29:17 | Age | Imperial Age |
| 29:21 | Create | Unit 1942 |
| 29:21 | Create | Unit 1942 |
| 29:23 | Create | Villager (Male) |
| 29:24 | Create | Villager (Male) |
| 29:24 | Create | Villager (Male) |
| 29:45 | Create | Villager (Male) |
| 29:45 | Create | Villager (Male) |
| 29:52 | Build | Mining Camp |
| 29:55 | Create | Villager (Male) |
| 29:55 | Create | Villager (Male) |
| 30:00 | Create | Unit 1942 |
Build order — KeremS
First 150 of 674 actions detected
| 0:01 | Create | Villager (Male) |
| 0:02 | Create | Villager (Male) |
| 0:03 | Build | House |
| 0:05 | Build | House |
| 0:17 | Create | Villager (Male) |
| 0:17 | Create | Villager (Male) |
| 0:34 | Research | Loom |
| 0:34 | Create | Villager (Male) |
| 0:34 | Create | Villager (Male) |
| 0:50 | Build | Palisade Wall |
| 1:45 | Create | Villager (Male) |
| 2:15 | Build | Lumber Camp |
| 2:29 | Create | Villager (Male) |
| 2:56 | Create | Villager (Male) |
| 3:23 | Build | House |
| 3:32 | Create | Villager (Male) |
| 4:05 | Build | House |
| 4:08 | Create | Villager (Male) |
| 4:10 | Create | Villager (Male) |
| 5:12 | Create | Villager (Male) |
| 5:25 | Create | Villager (Male) |
| 5:26 | Create | Villager (Male) |
| 5:50 | Build | Mill |
| 6:24 | Create | Villager (Male) |
| 6:24 | Create | Villager (Male) |
| 6:25 | Create | Villager (Male) |
| 7:39 | Create | Villager (Male) |
| 7:39 | Create | Villager (Male) |
| 8:25 | Create | Villager (Male) |
| 8:49 | Build | Mining Camp |
| 8:52 | Create | Villager (Male) |
| 9:08 | Build | Farm |
| 9:10 | Build | Farm |
| 9:11 | Build | Farm |
| 9:29 | Create | Villager (Male) |
| 9:49 | Research | Feudal Age |
| 10:33 | Create | Villager (Male) |
| 10:33 | Create | Villager (Male) |
| 10:45 | Build | House |
| 11:15 | Build | Lumber Camp |
| 12:04 | Age | Feudal Age |
| 12:10 | Build | Market |
| 12:23 | Build | Blacksmith |
| 13:15 | Research | Castle Age |
| 13:15 | Research | Castle Age |
| 13:41 | Research | Double-Bit Axe |
| 13:50 | Build | House |
| 13:51 | Build | House |
| 13:53 | Build | Palisade Wall |
| 13:53 | Build | Palisade Wall |
| 14:12 | Create | Villager (Male) |
| 14:21 | Research | Horse Collar |
| 14:35 | Build | Outpost |
| 14:47 | Build | Farm |
| 15:28 | Create | Villager (Male) |
| 15:55 | Age | Castle Age |
| 16:00 | Build | Town Center |
| 16:05 | Build | Town Center |
| 16:26 | Build | Farm |
| 16:33 | Create | Villager (Male) |
| 16:50 | Build | Farm |
| 16:58 | Create | Villager (Male) |
| 17:15 | Create | Villager (Male) |
| 17:15 | Create | Villager (Male) |
| 17:16 | Create | Villager (Male) |
| 17:26 | Build | Farm |
| 17:39 | Create | Villager (Male) |
| 17:39 | Create | Villager (Male) |
| 17:44 | Build | Farm |
| 17:52 | Create | Villager (Male) |
| 17:58 | Build | Farm |
| 18:02 | Create | Villager (Male) |
| 18:03 | Create | Villager (Male) |
| 18:05 | Build | Farm |
| 18:09 | Create | Villager (Male) |
| 18:09 | Create | Villager (Male) |
| 18:31 | Create | Villager (Male) |
| 18:31 | Create | Villager (Male) |
| 18:31 | Create | Villager (Male) |
| 18:43 | Build | Farm |
| 18:45 | Build | Farm |
| 18:47 | Build | Farm |
| 18:48 | Create | Villager (Male) |
| 18:48 | Create | Villager (Male) |
| 18:52 | Build | Farm |
| 18:55 | Build | Farm |
| 18:58 | Build | Farm |
| 19:00 | Build | Farm |
| 19:07 | Build | Farm |
| 19:17 | Create | Villager (Male) |
| 19:17 | Create | Villager (Male) |
| 19:18 | Create | Villager (Male) |
| 19:35 | Build | House |
| 19:36 | Build | House |
| 19:38 | Create | Villager (Male) |
| 19:38 | Create | Villager (Male) |
| 19:47 | Build | Farm |
| 19:51 | Build | Farm |
| 19:51 | Build | Farm |
| 19:51 | Build | Farm |
| 19:52 | Build | Farm |
| 19:52 | Build | Farm |
| 19:52 | Build | Farm |
| 19:52 | Build | Farm |
| 19:53 | Build | Farm |
| 19:53 | Build | Farm |
| 19:53 | Build | Farm |
| 19:54 | Build | Farm |
| 19:54 | Build | Farm |
| 19:54 | Build | Farm |
| 19:55 | Build | Farm |
| 19:55 | Build | Farm |
| 19:56 | Build | Farm |
| 19:56 | Build | Farm |
| 19:56 | Build | Farm |
| 19:57 | Build | Farm |
| 19:57 | Build | Farm |
| 20:02 | Create | Villager (Male) |
| 20:02 | Create | Villager (Male) |
| 20:03 | Create | Villager (Male) |
| 20:06 | Create | Villager (Male) |
| 20:06 | Create | Villager (Male) |
| 20:07 | Create | Villager (Male) |
| 20:24 | Create | Villager (Male) |
| 20:24 | Create | Villager (Male) |
| 20:25 | Create | Villager (Male) |
| 20:39 | Create | Villager (Male) |
| 20:40 | Create | Villager (Male) |
| 20:41 | Build | Farm |
| 20:51 | Build | Stone Wall |
| 20:58 | Build | House |
| 21:01 | Build | House |
| 21:06 | Build | Farm |
| 21:07 | Create | Villager (Male) |
| 21:07 | Create | Villager (Male) |
| 21:07 | Create | Villager (Male) |
| 21:07 | Create | Villager (Male) |
| 21:11 | Research | Wheelbarrow |
| 21:15 | Create | Villager (Male) |
| 21:17 | Create | Villager (Male) |
| 21:38 | Create | Villager (Male) |
| 21:38 | Create | Villager (Male) |
| 21:57 | Build | Town Center |
| 21:59 | Create | Villager (Male) |
| 21:59 | Create | Villager (Male) |
| 22:08 | Build | House |
| 22:09 | Build | House |
| 22:09 | Build | House |
| 22:10 | Build | House |
| 22:24 | Build | Stone Wall |
Build order — [Glitchmob] Schnippi
First 150 of 846 actions detected
| 0:00 | Create | Villager (Male) |
| 0:00 | Create | Villager (Male) |
| 0:00 | Create | Villager (Male) |
| 0:01 | Build | House |
| 0:03 | Build | House |
| 0:13 | Create | Villager (Male) |
| 1:22 | Create | Villager (Male) |
| 1:57 | Create | Villager (Male) |
| 2:10 | Build | Lumber Camp |
| 2:23 | Create | Villager (Male) |
| 3:05 | Create | Villager (Male) |
| 3:05 | Create | Villager (Male) |
| 3:24 | Build | House |
| 4:16 | Create | Villager (Male) |
| 4:16 | Create | Villager (Male) |
| 4:45 | Create | Villager (Male) |
| 5:09 | Build | Mill |
| 5:15 | Create | Villager (Male) |
| 5:16 | Create | Villager (Male) |
| 5:16 | Create | Villager (Male) |
| 5:58 | Build | House |
| 6:11 | Create | Villager (Male) |
| 6:11 | Create | Villager (Male) |
| 6:12 | Create | Villager (Male) |
| 7:19 | Create | Villager (Male) |
| 7:21 | Create | Villager (Male) |
| 7:51 | Research | Loom |
| 7:52 | Create | Villager (Male) |
| 7:52 | Create | Villager (Male) |
| 9:01 | Create | Villager (Male) |
| 9:02 | Research | Feudal Age |
| 9:18 | Build | Mining Camp |
| 10:03 | Create | Villager (Male) |
| 10:04 | Create | Villager (Male) |
| 10:20 | Build | House |
| 11:51 | Age | Feudal Age |
| 11:58 | Build | Market |
| 12:05 | Build | Blacksmith |
| 12:19 | Research | Double-Bit Axe |
| 12:47 | Research | Castle Age |
| 14:15 | Create | Villager (Male) |
| 14:15 | Create | Villager (Male) |
| 15:27 | Age | Castle Age |
| 15:31 | Build | Town Center |
| 15:34 | Build | Town Center |
| 15:40 | Research | Bow Saw |
| 15:40 | Research | Bow Saw |
| 15:53 | Create | Villager (Male) |
| 15:53 | Create | Villager (Male) |
| 16:27 | Build | Town Center |
| 16:43 | Create | Villager (Male) |
| 16:43 | Create | Villager (Male) |
| 16:44 | Create | Villager (Male) |
| 16:44 | Create | Villager (Male) |
| 16:44 | Create | Villager (Male) |
| 16:45 | Create | Villager (Male) |
| 16:45 | Create | Villager (Male) |
| 16:45 | Create | Villager (Male) |
| 17:34 | Build | Monastery |
| 17:38 | Build | House |
| 17:38 | Build | House |
| 17:38 | Build | House |
| 17:38 | Build | House |
| 17:39 | Create | Villager (Male) |
| 17:39 | Create | Villager (Male) |
| 17:40 | Create | Villager (Male) |
| 17:40 | Create | Villager (Male) |
| 17:40 | Create | Villager (Male) |
| 17:41 | Create | Villager (Male) |
| 17:43 | Research | Wheelbarrow |
| 17:44 | Create | Villager (Male) |
| 17:44 | Create | Villager (Male) |
| 17:50 | Create | Villager (Male) |
| 17:50 | Create | Villager (Male) |
| 17:57 | Build | Farm |
| 17:57 | Build | Farm |
| 17:57 | Build | Farm |
| 17:57 | Build | Farm |
| 18:15 | Build | Farm |
| 18:15 | Build | Farm |
| 18:15 | Build | Farm |
| 18:19 | Build | Farm |
| 18:23 | Create | Monk |
| 18:27 | Build | House |
| 18:29 | Build | House |
| 18:40 | Build | House |
| 18:41 | Build | House |
| 18:41 | Build | House |
| 18:47 | Build | House |
| 18:47 | Build | House |
| 18:52 | Build | House |
| 18:53 | Build | House |
| 18:54 | Build | House |
| 18:56 | Create | Villager (Male) |
| 18:57 | Create | Villager (Male) |
| 18:57 | Create | Villager (Male) |
| 19:00 | Build | Farm |
| 19:00 | Build | Farm |
| 19:00 | Build | Farm |
| 19:01 | Build | Farm |
| 19:05 | Build | Farm |
| 19:07 | Build | Farm |
| 19:10 | Build | Farm |
| 19:19 | Create | Villager (Male) |
| 19:20 | Create | Villager (Male) |
| 19:25 | Build | Farm |
| 19:26 | Build | Farm |
| 19:54 | Create | Villager (Male) |
| 19:55 | Create | Villager (Male) |
| 19:58 | Build | House |
| 19:58 | Build | House |
| 20:02 | Build | Farm |
| 20:02 | Build | Farm |
| 20:02 | Build | Farm |
| 20:02 | Build | Farm |
| 20:04 | Build | Farm |
| 20:07 | Build | Farm |
| 20:08 | Build | Farm |
| 20:14 | Build | Farm |
| 20:14 | Build | Farm |
| 20:14 | Build | Farm |
| 20:15 | Build | Farm |
| 20:17 | Create | Villager (Male) |
| 20:17 | Create | Villager (Male) |
| 20:17 | Create | Villager (Male) |
| 20:19 | Create | Villager (Male) |
| 20:31 | Create | Villager (Male) |
| 20:31 | Create | Villager (Male) |
| 20:36 | Build | House |
| 20:36 | Build | House |
| 20:44 | Build | Farm |
| 20:44 | Build | Farm |
| 20:44 | Build | Farm |
| 20:46 | Create | Villager (Male) |
| 20:47 | Create | Villager (Male) |
| 20:47 | Create | Villager (Male) |
| 20:52 | Create | Villager (Male) |
| 20:55 | Build | Lumber Camp |
| 20:57 | Create | Villager (Male) |
| 20:57 | Create | Villager (Male) |
| 21:05 | Build | Lumber Camp |
| 21:08 | Create | Villager (Male) |
| 21:18 | Create | Villager (Male) |
| 21:21 | Create | Villager (Male) |
| 21:24 | Build | Farm |
| 21:24 | Build | Farm |
| 21:25 | Build | Farm |
| 21:25 | Build | Farm |
| 21:34 | Create | Villager (Male) |
| 21:34 | Create | Villager (Male) |
Build order — Wolliwup
First 150 of 558 actions detected
| 0:00 | Create | Villager (Male) |
| 0:01 | Create | Villager (Male) |
| 0:01 | Create | Villager (Male) |
| 0:02 | Build | House |
| 0:03 | Build | House |
| 0:34 | Create | Villager (Male) |
| 1:22 | Create | Villager (Male) |
| 1:43 | Build | Lumber Camp |
| 2:04 | Create | Villager (Male) |
| 2:13 | Create | Villager (Male) |
| 2:48 | Create | Villager (Male) |
| 3:05 | Create | Villager (Male) |
| 3:29 | Build | House |
| 3:30 | Build | House |
| 3:46 | Create | Villager (Male) |
| 3:47 | Create | Villager (Male) |
| 3:47 | Create | Villager (Male) |
| 4:11 | Build | Mill |
| 4:24 | Create | Villager (Male) |
| 4:44 | Create | Villager (Male) |
| 5:21 | Create | Villager (Male) |
| 5:41 | Create | Villager (Male) |
| 6:05 | Create | Villager (Male) |
| 6:06 | Create | Villager (Male) |
| 6:07 | Create | Villager (Male) |
| 6:54 | Build | Mining Camp |
| 7:30 | Create | Villager (Male) |
| 7:57 | Create | Villager (Male) |
| 8:23 | Create | Villager (Male) |
| 8:29 | Research | Feudal Age |
| 9:36 | Build | House |
| 9:46 | Create | Villager (Male) |
| 9:46 | Create | Villager (Male) |
| 10:39 | Age | Feudal Age |
| 10:44 | Build | Market |
| 10:47 | Build | Blacksmith |
| 11:13 | Research | Double-Bit Axe |
| 11:19 | Research | Horse Collar |
| 11:35 | Research | Loom |
| 12:11 | Research | Castle Age |
| 12:46 | Research | Bow Saw |
| 12:53 | Research | Heavy Plow |
| 13:09 | Research | Gold Mining |
| 14:34 | Create | Villager (Male) |
| 14:51 | Age | Castle Age |
| 15:03 | Build | Town Center |
| 15:08 | Build | Town Center |
| 15:10 | Create | Villager (Male) |
| 15:12 | Create | Villager (Male) |
| 15:20 | Build | House |
| 15:20 | Build | House |
| 15:38 | Create | Villager (Male) |
| 15:43 | Build | Farm |
| 15:45 | Build | Farm |
| 15:48 | Create | Villager (Male) |
| 15:48 | Create | Villager (Male) |
| 16:02 | Create | Villager (Male) |
| 16:15 | Build | Farm |
| 16:22 | Create | Villager (Male) |
| 16:23 | Create | Villager (Male) |
| 16:35 | Create | Villager (Male) |
| 16:37 | Build | Farm |
| 16:37 | Build | Farm |
| 16:39 | Create | Villager (Male) |
| 16:39 | Create | Villager (Male) |
| 16:44 | Create | Villager (Male) |
| 16:59 | Create | Villager (Male) |
| 16:59 | Create | Villager (Male) |
| 17:06 | Build | Town Center |
| 17:10 | Create | Villager (Male) |
| 17:11 | Create | Villager (Male) |
| 17:26 | Build | Farm |
| 17:29 | Build | Farm |
| 17:30 | Build | Farm |
| 17:34 | Build | Farm |
| 17:37 | Create | Villager (Male) |
| 17:55 | Build | Farm |
| 18:03 | Build | Farm |
| 18:05 | Build | Farm |
| 18:10 | Build | Farm |
| 18:12 | Build | Farm |
| 18:14 | Build | Farm |
| 18:15 | Create | Villager (Male) |
| 18:19 | Build | Farm |
| 18:21 | Build | Farm |
| 18:24 | Create | Villager (Male) |
| 18:37 | Build | Farm |
| 18:40 | Build | Farm |
| 18:41 | Create | Villager (Male) |
| 18:46 | Build | Farm |
| 18:48 | Build | Farm |
| 18:52 | Create | Villager (Male) |
| 18:55 | Build | Farm |
| 19:03 | Build | Farm |
| 19:04 | Create | Villager (Male) |
| 19:09 | Create | Villager (Male) |
| 19:10 | Create | Villager (Male) |
| 19:11 | Create | Villager (Male) |
| 19:15 | Build | Farm |
| 19:18 | Build | Farm |
| 19:18 | Build | Farm |
| 19:20 | Create | Villager (Male) |
| 19:23 | Build | Farm |
| 19:27 | Create | Villager (Male) |
| 19:30 | Create | Villager (Male) |
| 19:37 | Build | Farm |
| 19:46 | Create | Villager (Male) |
| 19:56 | Create | Villager (Male) |
| 19:56 | Create | Villager (Male) |
| 20:00 | Create | Villager (Male) |
| 20:02 | Build | Farm |
| 20:09 | Research | Wheelbarrow |
| 20:15 | Build | House |
| 20:21 | Create | Villager (Male) |
| 20:27 | Build | House |
| 20:28 | Build | House |
| 20:30 | Build | House |
| 20:31 | Create | Villager (Male) |
| 20:32 | Create | Villager (Male) |
| 20:42 | Build | Barracks |
| 20:44 | Create | Villager (Male) |
| 20:44 | Create | Villager (Male) |
| 20:51 | Build | Monastery |
| 20:55 | Create | Villager (Male) |
| 20:55 | Create | Villager (Male) |
| 20:56 | Create | Villager (Male) |
| 21:02 | Create | Villager (Male) |
| 21:11 | Build | Market |
| 21:12 | Build | Market |
| 21:13 | Create | Villager (Male) |
| 21:13 | Create | Villager (Male) |
| 21:14 | Create | Villager (Male) |
| 21:16 | Build | Farm |
| 21:26 | Build | House |
| 21:27 | Build | House |
| 21:27 | Build | House |
| 21:29 | Build | House |
| 21:29 | Build | House |
| 21:31 | Create | Villager (Male) |
| 21:31 | Create | Villager (Male) |
| 21:40 | Create | Villager (Male) |
| 21:41 | Create | Villager (Male) |
| 21:44 | Build | Farm |
| 21:45 | Create | Monk |
| 21:48 | Build | Farm |
| 22:03 | Build | Farm |
| 22:20 | Build | Stable |
| 22:21 | Create | Villager (Male) |
| 22:22 | Create | Villager (Male) |
| 22:22 | Create | Villager (Male) |
Build order — LM | Gelga
First 150 of 610 actions detected
| 0:02 | Create | Villager (Male) |
| 0:02 | Create | Villager (Male) |
| 0:02 | Create | Villager (Male) |
| 0:02 | Create | Villager (Male) |
| 0:05 | Build | House |
| 0:08 | Research | Loom |
| 0:10 | Build | House |
| 0:41 | Create | Villager (Male) |
| 0:42 | Create | Villager (Male) |
| 1:14 | Create | Villager (Male) |
| 2:20 | Build | Palisade Wall |
| 2:55 | Create | Villager (Male) |
| 3:13 | Build | Palisade Wall |
| 3:15 | Build | Palisade Wall |
| 3:17 | Build | Palisade Wall |
| 3:29 | Create | Villager (Male) |
| 3:42 | Build | Lumber Camp |
| 4:06 | Create | Villager (Male) |
| 4:49 | Create | Villager (Male) |
| 5:46 | Create | Villager (Male) |
| 5:55 | Create | Villager (Male) |
| 6:33 | Create | Villager (Male) |
| 6:48 | Build | House |
| 6:55 | Create | Villager (Male) |
| 6:55 | Create | Villager (Male) |
| 7:19 | Build | House |
| 7:24 | Create | Villager (Male) |
| 7:43 | Create | Villager (Male) |
| 7:55 | Build | House |
| 8:01 | Create | Villager (Male) |
| 8:46 | Create | Villager (Male) |
| 8:46 | Create | Villager (Male) |
| 8:47 | Create | Villager (Male) |
| 8:48 | Create | Villager (Male) |
| 8:57 | Build | Mill |
| 9:01 | Create | Villager (Male) |
| 9:24 | Create | Villager (Male) |
| 10:04 | Create | Villager (Male) |
| 10:29 | Build | Mining Camp |
| 11:01 | Research | Feudal Age |
| 11:13 | Build | Mill |
| 13:16 | Create | Villager (Male) |
| 13:16 | Create | Villager (Male) |
| 13:26 | Age | Feudal Age |
| 13:49 | Build | Stone Wall |
| 13:57 | Build | Stone Wall |
| 13:59 | Build | Stone Wall |
| 14:05 | Build | Market |
| 14:09 | Build | Blacksmith |
| 14:15 | Create | Villager (Male) |
| 14:20 | Build | House |
| 14:37 | Build | Stone Wall |
| 14:41 | Build | Stone Wall |
| 15:14 | Build | Stone Wall |
| 15:22 | Build | Stone Wall |
| 15:24 | Build | Stone Wall |
| 15:25 | Build | Stone Wall |
| 15:25 | Build | Stone Wall |
| 15:25 | Build | Stone Wall |
| 15:26 | Build | Stone Wall |
| 15:27 | Build | Stone Wall |
| 15:33 | Build | Stone Wall |
| 15:38 | Build | Stone Wall |
| 15:46 | Research | Castle Age |
| 16:16 | Build | Mining Camp |
| 16:31 | Build | Lumber Camp |
| 16:34 | Build | Stone Wall |
| 16:35 | Build | Stone Wall |
| 16:36 | Build | Stone Wall |
| 16:36 | Build | Stone Wall |
| 17:10 | Research | Double-Bit Axe |
| 17:40 | Research | Horse Collar |
| 18:10 | Build | Farm |
| 18:10 | Build | Farm |
| 18:10 | Build | Farm |
| 18:11 | Build | Farm |
| 18:26 | Age | Castle Age |
| 18:36 | Create | Villager (Male) |
| 19:17 | Create | Villager (Male) |
| 19:18 | Create | Villager (Male) |
| 19:31 | Build | Castle |
| 19:42 | Create | Villager (Male) |
| 19:43 | Create | Villager (Male) |
| 19:45 | Build | Farm |
| 19:47 | Build | Farm |
| 20:22 | Build | Stone Wall |
| 20:23 | Build | Stone Wall |
| 20:57 | Create | Villager (Male) |
| 21:00 | Research | Fletching |
| 21:00 | Research | Fletching |
| 21:10 | Create | Villager (Male) |
| 21:10 | Create | Villager (Male) |
| 21:42 | Create | Villager (Male) |
| 21:48 | Build | Stone Wall |
| 21:55 | Create | Villager (Male) |
| 22:14 | Build | Farm |
| 22:14 | Build | Farm |
| 22:15 | Build | Farm |
| 22:15 | Build | Farm |
| 22:15 | Build | Farm |
| 22:15 | Build | Farm |
| 22:15 | Build | Farm |
| 22:23 | Create | Villager (Male) |
| 22:42 | Create | Villager (Male) |
| 22:43 | Build | Farm |
| 22:55 | Research | Bodkin Arrow |
| 22:56 | Research | Bodkin Arrow |
| 22:59 | Build | Farm |
| 23:03 | Build | Farm |
| 23:09 | Create | Villager (Male) |
| 23:23 | Create | Villager (Male) |
| 23:29 | Build | Farm |
| 23:32 | Build | Farm |
| 23:39 | Build | Watch Tower |
| 23:43 | Create | Villager (Male) |
| 23:47 | Build | Farm |
| 23:49 | Build | Farm |
| 23:56 | Build | Farm |
| 24:49 | Create | Villager (Male) |
| 24:49 | Create | Villager (Male) |
| 24:49 | Create | Villager (Male) |
| 24:50 | Create | Villager (Male) |
| 24:50 | Create | Villager (Male) |
| 25:31 | Create | Villager (Male) |
| 25:32 | Create | Villager (Male) |
| 25:32 | Create | Villager (Male) |
| 25:38 | Research | Bow Saw |
| 25:58 | Create | Villager (Male) |
| 26:32 | Build | Town Center |
| 26:39 | Create | Villager (Male) |
| 26:45 | Research | Wheelbarrow |
| 26:46 | Create | Villager (Male) |
| 26:57 | Build | House |
| 26:58 | Build | House |
| 26:58 | Build | House |
| 26:59 | Build | House |
| 27:00 | Build | House |
| 27:01 | Build | House |
| 27:04 | Create | Villager (Male) |
| 27:52 | Create | Villager (Male) |
| 28:01 | Build | Town Center |
| 28:08 | Create | Villager (Male) |
| 28:08 | Create | Villager (Male) |
| 28:14 | Create | Villager (Male) |
| 28:15 | Create | Villager (Male) |
| 28:15 | Create | Villager (Male) |
| 28:50 | Build | Farm |
| 29:04 | Build | Mill |
| 29:05 | Build | Farm |
| 29:08 | Build | Farm |
Build order — [GER] MEM
First 150 of 529 actions detected
| 0:00 | Create | Villager (Male) |
| 0:01 | Create | Villager (Male) |
| 0:01 | Create | Villager (Male) |
| 0:04 | Build | House |
| 0:05 | Build | House |
| 0:15 | Create | Villager (Male) |
| 0:28 | Research | Loom |
| 0:29 | Create | Villager (Male) |
| 0:29 | Create | Villager (Male) |
| 1:18 | Build | Palisade Wall |
| 1:41 | Create | Villager (Male) |
| 2:26 | Create | Villager (Male) |
| 2:31 | Build | House |
| 2:32 | Build | House |
| 2:47 | Build | Lumber Camp |
| 2:48 | Create | Villager (Male) |
| 3:24 | Create | Villager (Male) |
| 3:36 | Create | Villager (Male) |
| 3:58 | Build | House |
| 4:16 | Create | Villager (Male) |
| 4:56 | Create | Villager (Male) |
| 4:57 | Create | Villager (Male) |
| 5:29 | Build | Mill |
| 5:40 | Create | Villager (Male) |
| 5:57 | Create | Villager (Male) |
| 6:39 | Create | Villager (Male) |
| 6:51 | Create | Villager (Male) |
| 6:52 | Create | Villager (Male) |
| 7:11 | Create | Villager (Male) |
| 7:12 | Create | Villager (Male) |
| 7:24 | Create | Villager (Male) |
| 7:26 | Create | Villager (Male) |
| 8:21 | Create | Villager (Male) |
| 8:37 | Build | House |
| 8:37 | Build | House |
| 8:41 | Create | Villager (Male) |
| 9:31 | Build | Mining Camp |
| 9:45 | Create | Villager (Male) |
| 9:52 | Build | House |
| 10:15 | Research | Feudal Age |
| 10:32 | Create | Villager (Male) |
| 10:33 | Create | Villager (Male) |
| 12:34 | Age | Feudal Age |
| 12:36 | Create | Villager (Male) |
| 12:40 | Build | Market |
| 12:44 | Build | Blacksmith |
| 13:08 | Research | Double-Bit Axe |
| 13:14 | Research | Horse Collar |
| 13:22 | Research | Castle Age |
| 13:39 | Build | Stone Wall |
| 13:50 | Build | Mining Camp |
| 14:19 | Research | Stone Mining |
| 14:21 | Research | Gold Mining |
| 14:54 | Build | House |
| 14:55 | Build | House |
| 14:55 | Build | House |
| 14:57 | Build | House |
| 14:58 | Build | House |
| 15:22 | Create | Villager (Male) |
| 15:22 | Create | Villager (Male) |
| 16:04 | Age | Castle Age |
| 16:07 | Build | Town Center |
| 16:08 | Create | Villager (Male) |
| 16:14 | Build | Town Center |
| 16:15 | Create | Villager (Male) |
| 16:28 | Research | Bow Saw |
| 16:37 | Create | Villager (Male) |
| 16:43 | Build | Siege Workshop |
| 17:04 | Create | Villager (Male) |
| 17:24 | Build | Farm |
| 17:24 | Build | Farm |
| 17:24 | Build | Farm |
| 17:24 | Build | Farm |
| 17:35 | Create | Villager (Male) |
| 17:49 | Create | Mangonel |
| 18:08 | Build | Farm |
| 18:16 | Build | Farm |
| 18:24 | Build | Farm |
| 18:38 | Build | Farm |
| 18:42 | Create | Villager (Male) |
| 18:51 | Build | Farm |
| 18:53 | Build | Farm |
| 18:56 | Build | Farm |
| 19:16 | Create | Villager (Male) |
| 19:38 | Build | Farm |
| 19:40 | Create | Villager (Male) |
| 19:56 | Build | Farm |
| 19:57 | Build | Farm |
| 19:57 | Build | Farm |
| 19:57 | Build | Farm |
| 19:57 | Build | Farm |
| 19:57 | Build | Farm |
| 19:58 | Build | Farm |
| 20:05 | Create | Villager (Male) |
| 20:09 | Create | Villager (Male) |
| 20:28 | Create | Villager (Male) |
| 20:40 | Create | Villager (Male) |
| 20:51 | Research | Heavy Plow |
| 20:56 | Create | Villager (Male) |
| 20:57 | Create | Villager (Male) |
| 20:57 | Create | Villager (Male) |
| 21:09 | Build | Farm |
| 21:09 | Build | Farm |
| 21:09 | Build | Farm |
| 21:13 | Create | Villager (Male) |
| 21:21 | Build | Farm |
| 21:23 | Create | Villager (Male) |
| 21:26 | Build | Farm |
| 21:27 | Create | Villager (Male) |
| 21:46 | Build | Farm |
| 21:48 | Create | Villager (Male) |
| 21:48 | Create | Villager (Male) |
| 22:00 | Create | Villager (Male) |
| 22:00 | Create | Villager (Male) |
| 22:06 | Build | Farm |
| 22:06 | Build | Farm |
| 22:06 | Build | Farm |
| 22:07 | Build | Farm |
| 22:07 | Build | Farm |
| 22:20 | Create | Villager (Male) |
| 22:20 | Create | Villager (Male) |
| 22:33 | Build | Castle |
| 22:39 | Create | Villager (Male) |
| 22:39 | Create | Villager (Male) |
| 22:39 | Create | Villager (Male) |
| 22:44 | Build | Farm |
| 22:44 | Build | Farm |
| 22:44 | Build | Farm |
| 22:45 | Build | Farm |
| 22:45 | Build | Farm |
| 22:45 | Build | Farm |
| 22:51 | Create | Villager (Male) |
| 22:59 | Build | Farm |
| 23:00 | Build | Farm |
| 23:00 | Build | Farm |
| 23:00 | Build | Farm |
| 23:07 | Create | Villager (Male) |
| 23:07 | Create | Villager (Male) |
| 23:08 | Create | Villager (Male) |
| 23:18 | Create | Villager (Male) |
| 23:24 | Create | Villager (Male) |
| 23:24 | Create | Villager (Male) |
| 23:34 | Create | Villager (Male) |
| 23:34 | Create | Villager (Male) |
| 23:39 | Build | Farm |
| 23:39 | Build | Farm |
| 23:39 | Build | Farm |
| 23:42 | Create | Villager (Male) |
| 23:52 | Build | Farm |
| 23:53 | Build | Farm |
Build order — Rüdiger
First 150 of 479 actions detected
| 0:01 | Create | Villager (Male) |
| 0:01 | Create | Villager (Male) |
| 0:02 | Create | Villager (Male) |
| 0:05 | Build | House |
| 0:06 | Build | House |
| 0:13 | Create | Villager (Male) |
| 1:36 | Create | Villager (Male) |
| 2:10 | Create | Villager (Male) |
| 2:19 | Create | Villager (Male) |
| 3:00 | Create | Villager (Male) |
| 3:04 | Build | Lumber Camp |
| 3:13 | Create | Villager (Male) |
| 3:33 | Create | Villager (Male) |
| 3:50 | Create | Villager (Male) |
| 3:54 | Build | House |
| 3:59 | Build | House |
| 4:37 | Create | Villager (Male) |
| 4:45 | Create | Villager (Male) |
| 4:59 | Create | Villager (Male) |
| 5:20 | Build | House |
| 5:30 | Build | Mill |
| 5:51 | Create | Villager (Male) |
| 6:16 | Create | Villager (Male) |
| 6:40 | Create | Villager (Male) |
| 6:40 | Create | Villager (Male) |
| 6:41 | Create | Villager (Male) |
| 7:56 | Create | Villager (Male) |
| 8:28 | Create | Villager (Male) |
| 8:59 | Research | Feudal Age |
| 9:15 | Build | House |
| 9:30 | Build | Palisade Gate |
| 9:58 | Build | House |
| 10:29 | Build | House |
| 10:49 | Create | Villager (Male) |
| 10:58 | Build | Farm |
| 10:59 | Build | Farm |
| 10:59 | Build | Farm |
| 10:59 | Build | Farm |
| 10:59 | Build | Farm |
| 11:09 | Age | Feudal Age |
| 11:12 | Create | Villager (Male) |
| 11:15 | Build | Market |
| 11:17 | Build | Blacksmith |
| 11:41 | Build | House |
| 11:59 | Create | Villager (Male) |
| 12:25 | Create | Villager (Male) |
| 12:49 | Create | Villager (Male) |
| 13:16 | Research | Castle Age |
| 13:44 | Research | Double-Bit Axe |
| 14:38 | Research | Horse Collar |
| 15:27 | Build | House |
| 15:30 | Create | Villager (Male) |
| 15:56 | Age | Castle Age |
| 15:59 | Build | Town Center |
| 16:04 | Build | Town Center |
| 16:17 | Build | Siege Workshop |
| 16:18 | Create | Villager (Male) |
| 16:29 | Create | Trade Cart |
| 16:35 | Create | Villager (Male) |
| 16:59 | Research | Bow Saw |
| 17:11 | Create | Villager (Male) |
| 17:14 | Create | Mangonel |
| 17:16 | Build | House |
| 17:26 | Create | Villager (Male) ×2 |
| 17:39 | Build | Farm |
| 18:07 | Create | Villager (Male) |
| 18:10 | Create | Villager (Male) ×3 |
| 18:14 | Build | Farm |
| 18:29 | Build | Mining Camp |
| 18:53 | Create | Villager (Male) |
| 18:54 | Create | Villager (Male) |
| 18:59 | Build | Mill |
| 18:59 | Build | Farm |
| 18:59 | Build | Farm |
| 19:00 | Build | Farm |
| 19:00 | Build | Farm |
| 19:04 | Build | Farm |
| 19:04 | Build | Farm |
| 19:04 | Build | Farm |
| 19:12 | Research | Horse Collar |
| 19:44 | Create | Villager (Male) |
| 19:44 | Create | Villager (Male) |
| 19:48 | Build | Mill |
| 19:49 | Build | Farm |
| 19:49 | Build | Farm |
| 19:49 | Build | Farm |
| 19:49 | Build | Farm |
| 19:50 | Build | Farm |
| 19:50 | Build | Farm |
| 20:07 | Create | Villager (Male) |
| 20:16 | Build | Farm |
| 20:21 | Build | Farm |
| 20:23 | Build | Farm |
| 20:26 | Build | Farm |
| 20:30 | Build | Mill |
| 20:33 | Build | Farm |
| 20:37 | Build | Farm |
| 20:40 | Create | Villager (Male) ×4 |
| 20:56 | Create | Villager (Male) |
| 20:59 | Build | House |
| 21:06 | Build | Farm |
| 21:07 | Build | Farm |
| 21:09 | Build | Farm |
| 21:12 | Research | Heavy Plow |
| 21:14 | Create | Villager (Male) ×2 |
| 21:23 | Build | Farm |
| 21:23 | Create | Villager (Male) |
| 21:24 | Create | Villager (Male) |
| 21:29 | Build | House |
| 21:29 | Build | House |
| 21:44 | Create | Villager (Male) ×3 |
| 21:57 | Create | Villager (Male) ×4 |
| 22:04 | Build | Lumber Camp |
| 22:10 | Build | Mill |
| 22:11 | Build | Farm |
| 22:11 | Build | Farm |
| 22:11 | Build | Farm |
| 22:11 | Build | Farm |
| 22:12 | Build | Farm |
| 22:12 | Build | Farm |
| 22:13 | Create | Villager (Male) ×4 |
| 22:29 | Research | Wheelbarrow |
| 22:30 | Create | Villager (Male) ×5 |
| 22:46 | Build | House |
| 22:47 | Build | House |
| 23:03 | Build | Farm |
| 23:03 | Build | Farm |
| 23:03 | Build | Farm |
| 23:04 | Build | Farm |
| 23:09 | Build | House |
| 23:12 | Build | Palisade Wall |
| 23:16 | Build | Palisade Wall |
| 23:33 | Create | Villager (Male) ×5 |
| 23:34 | Build | Farm |
| 23:40 | Build | Farm |
| 23:47 | Build | Town Center |
| 24:36 | Create | Villager (Male) ×5 |
| 24:52 | Build | House |
| 24:52 | Build | House |
| 24:53 | Build | House |
| 24:54 | Create | Villager (Male) ×5 |
| 25:43 | Create | Villager (Male) ×5 |
| 25:56 | Build | Monastery |
| 25:58 | Build | University |
| 26:15 | Create | Villager (Male) ×5 |
| 26:16 | Research | Gold Mining |
| 26:27 | Build | Mining Camp |
| 26:31 | Build | House |
| 26:32 | Build | House |
| 26:32 | Build | House |
Build order — Lynx
First 150 of 452 actions detected
| 0:02 | Create | Villager (Male) |
| 0:02 | Create | Villager (Male) |
| 0:02 | Create | Villager (Male) |
| 0:03 | Build | House |
| 0:05 | Build | House |
| 0:08 | Create | Villager (Male) |
| 0:08 | Create | Villager (Male) |
| 1:28 | Create | Villager (Male) |
| 1:46 | Build | Lumber Camp |
| 2:02 | Create | Villager (Male) |
| 2:18 | Create | Villager (Male) |
| 2:40 | Create | Villager (Male) |
| 3:02 | Create | Villager (Male) |
| 3:33 | Create | Villager (Male) |
| 4:04 | Create | Villager (Male) |
| 4:04 | Create | Villager (Male) |
| 4:09 | Build | House |
| 4:10 | Build | House |
| 4:23 | Create | Villager (Male) |
| 4:49 | Build | Mill |
| 5:01 | Create | Villager (Male) |
| 5:09 | Research | Loom |
| 5:27 | Create | Villager (Male) |
| 5:27 | Create | Villager (Male) |
| 5:47 | Create | Villager (Male) |
| 5:48 | Create | Villager (Male) |
| 6:53 | Create | Villager (Male) |
| 7:12 | Build | Mining Camp |
| 7:47 | Create | Villager (Male) |
| 8:11 | Create | Villager (Male) |
| 8:12 | Create | Villager (Male) |
| 8:42 | Build | House |
| 8:44 | Build | House |
| 9:06 | Research | Feudal Age |
| 9:06 | Research | Feudal Age |
| 10:07 | Create | Villager (Male) |
| 10:07 | Create | Villager (Male) |
| 11:22 | Age | Feudal Age |
| 11:23 | Build | Market |
| 11:28 | Build | Blacksmith |
| 11:43 | Research | Double-Bit Axe |
| 11:55 | Build | Lumber Camp |
| 12:12 | Research | Castle Age |
| 12:13 | Research | Castle Age |
| 12:36 | Build | Lumber Camp |
| 12:37 | Create | Villager (Male) |
| 12:38 | Create | Villager (Male) |
| 13:21 | Build | House |
| 13:22 | Build | House |
| 13:27 | Create | Villager (Male) |
| 14:01 | Research | Wheelbarrow |
| 14:03 | Create | Villager (Male) |
| 14:03 | Create | Villager (Male) |
| 14:03 | Create | Villager (Male) |
| 14:52 | Age | Castle Age |
| 14:55 | Build | Town Center |
| 15:05 | Build | Town Center |
| 15:15 | Build | Town Center |
| 15:24 | Build | Town Center |
| 15:50 | Build | Farm |
| 15:50 | Build | Farm |
| 15:50 | Build | Farm |
| 15:51 | Build | Farm |
| 15:51 | Build | Farm |
| 15:52 | Build | Farm |
| 15:52 | Build | Farm |
| 15:53 | Build | Farm |
| 15:53 | Build | Farm |
| 15:53 | Build | Farm |
| 16:16 | Build | Farm |
| 16:19 | Build | Farm |
| 16:22 | Create | Villager (Male) |
| 16:22 | Create | Villager (Male) |
| 16:23 | Create | Villager (Male) |
| 16:36 | Build | Farm |
| 16:40 | Create | Villager (Male) ×4 |
| 16:45 | Build | Farm |
| 16:57 | Build | Farm |
| 17:00 | Build | Farm |
| 17:01 | Create | Villager (Male) |
| 17:22 | Build | Farm |
| 17:28 | Create | Villager (Male) |
| 17:32 | Build | Farm |
| 17:34 | Build | Farm |
| 17:36 | Create | Villager (Male) |
| 17:43 | Build | Farm |
| 17:49 | Create | Villager (Male) |
| 17:53 | Build | Farm |
| 17:56 | Build | Farm |
| 17:58 | Build | Farm |
| 18:08 | Create | Villager (Male) |
| 18:13 | Create | Villager (Male) |
| 18:17 | Create | Villager (Male) |
| 18:27 | Create | Villager (Male) |
| 18:32 | Build | Farm |
| 18:46 | Build | Monastery |
| 18:49 | Create | Villager (Male) ×2 |
| 18:51 | Create | Villager (Male) |
| 18:55 | Build | Farm |
| 18:56 | Build | Farm |
| 18:58 | Build | Farm |
| 19:01 | Build | Farm |
| 19:02 | Create | Villager (Male) |
| 19:02 | Create | Villager (Male) |
| 19:08 | Build | House |
| 19:09 | Build | House |
| 19:11 | Build | House |
| 19:12 | Build | House |
| 19:14 | Create | Villager (Male) |
| 19:15 | Create | Villager (Male) |
| 19:22 | Build | Farm |
| 19:23 | Create | Villager (Male) |
| 19:30 | Create | Villager (Male) |
| 19:30 | Create | Villager (Male) |
| 19:32 | Build | Farm |
| 19:42 | Create | Monk |
| 19:54 | Build | Farm |
| 19:58 | Build | Farm |
| 20:06 | Create | Villager (Male) ×5 |
| 20:06 | Create | Villager (Male) ×5 |
| 20:17 | Create | Villager (Male) ×2 |
| 20:22 | Build | Farm |
| 20:25 | Build | Farm |
| 20:26 | Create | Villager (Male) |
| 20:29 | Build | House |
| 20:30 | Build | House |
| 20:36 | Research | Horse Collar |
| 20:38 | Create | Villager (Male) |
| 20:53 | Create | Villager (Male) ×3 |
| 20:57 | Create | Villager (Male) |
| 21:02 | Build | Lumber Camp |
| 21:08 | Create | Villager (Male) ×2 |
| 21:12 | Build | Farm |
| 21:15 | Create | Villager (Male) |
| 21:18 | Create | Villager (Male) |
| 21:23 | Build | House |
| 21:24 | Build | House |
| 21:25 | Build | House |
| 21:27 | Build | House |
| 21:28 | Build | House |
| 21:28 | Build | House |
| 21:30 | Create | Villager (Male) ×2 |
| 21:36 | Create | Villager (Male) ×2 |
| 21:41 | Create | Villager (Male) |
| 21:55 | Build | Mill |
| 21:56 | Build | Farm |
| 21:56 | Build | Farm |
| 21:57 | Build | Farm |
| 21:57 | Build | Farm |
| 21:57 | Build | Farm |
Match timeline
| 0:50 | KeremS · wall_segment Palisade Wall x15 |
| 1:18 | [GER] MEM · wall_segment Palisade Wall x15 |
| 2:20 | LM | Gelga · wall_segment Palisade Wall x16 |
| 3:06 | KekB_Perce1992 · wall_segment Palisade Wall x1 |
| 3:07 | KekB_Perce1992 · wall_segment Palisade Wall x1 |
| 3:13 | LM | Gelga · wall_segment Palisade Wall x1 |
| 3:15 | LM | Gelga · wall_segment Palisade Wall x1 |
| 3:17 | LM | Gelga · wall_segment Palisade Wall x1 |
| 5:42 | KekB_Perce1992 · wall_segment Palisade Wall x4 |
| 5:45 | KekB_Perce1992 · wall_segment Palisade Wall x10 |
| 5:45 | KekB_Perce1992 · wall_segment Palisade Wall x1 |
| 6:32 | KekB_Perce1992 · wall_segment Palisade Wall x1 |
| 10:39 | Wolliwup · age_up feudal |
| 11:09 | Rüdiger · age_up feudal |
| 11:22 | Lynx · age_up feudal |
| 11:27 | KekB_Perce1992 · first_building Barracks |
| 11:51 | [Glitchmob] Schnippi · age_up feudal |
| 12:04 | KeremS · age_up feudal |
| 12:23 | KekB_Perce1992 · age_up feudal |
| 12:26 | Lynx · first_market_buy 100 stone |
| 12:27 | KekB_Perce1992 · first_building Stable |
| 12:34 | [GER] MEM · age_up feudal |
| 13:05 | Rüdiger · first_market_sell 100 wood |
| 13:26 | LM | Gelga · age_up feudal |
| 13:39 | [GER] MEM · wall_segment Stone Wall x19 |
| 13:49 | LM | Gelga · wall_segment Stone Wall x8 |
| 13:53 | KeremS · wall_segment Palisade Wall x1 |
| 13:53 | KeremS · wall_segment Palisade Wall x1 |
| 13:57 | LM | Gelga · wall_segment Stone Wall x4 |
| 13:59 | LM | Gelga · wall_segment Stone Wall x1 |
| 14:37 | LM | Gelga · wall_segment Stone Wall x1 |
| 14:41 | LM | Gelga · wall_segment Stone Wall x1 |
| 14:51 | Wolliwup · age_up castle |
| 14:52 | Lynx · age_up castle |
| 15:14 | LM | Gelga · wall_segment Stone Wall x1 |
| 15:22 | LM | Gelga · wall_segment Stone Wall x4 |
| 15:24 | LM | Gelga · wall_segment Stone Wall x1 |
| 15:25 | LM | Gelga · wall_segment Stone Wall x1 |
| 15:25 | LM | Gelga · wall_segment Stone Wall x1 |
| 15:25 | LM | Gelga · wall_segment Stone Wall x1 |
| 15:26 | LM | Gelga · wall_segment Stone Wall x1 |
| 15:27 | [Glitchmob] Schnippi · age_up castle |
| 15:27 | LM | Gelga · wall_segment Stone Wall x3 |
| 15:33 | LM | Gelga · wall_segment Stone Wall x4 |
| 15:36 | Wolliwup · first_market_buy 100 stone |
| 15:38 | LM | Gelga · wall_segment Stone Wall x3 |
| 15:55 | KeremS · age_up castle |
| 15:56 | Rüdiger · age_up castle |
| 16:01 | [Glitchmob] Schnippi · first_market_buy 100 stone |
| 16:04 | [GER] MEM · age_up castle |
| 16:12 | Rüdiger · first_market_buy 100 wood |
| 16:17 | Rüdiger · first_building Siege Workshop |
| 16:34 | LM | Gelga · wall_segment Stone Wall x1 |
| 16:35 | LM | Gelga · wall_segment Stone Wall x1 |
| 16:36 | LM | Gelga · wall_segment Stone Wall x1 |
| 16:36 | LM | Gelga · wall_segment Stone Wall x1 |
| 16:38 | KeremS · first_market_buy 100 food |
| 16:43 | [GER] MEM · first_building Siege Workshop |
| 17:34 | [Glitchmob] Schnippi · first_building Monastery |
| 18:20 | LM | Gelga · first_market_sell 100 wood |
| 18:22 | LM | Gelga · first_market_buy 100 stone |
| 18:26 | LM | Gelga · age_up castle |
| 18:46 | Lynx · first_building Monastery |
| 19:16 | KekB_Perce1992 · first_building Archery Range |
| 19:31 | LM | Gelga · first_building Castle |
| 19:42 | Lynx · first_market_sell 100 wood |
| 20:22 | LM | Gelga · wall_segment Stone Wall x1 |
| 20:23 | LM | Gelga · wall_segment Stone Wall x1 |
| 20:42 | Wolliwup · first_building Barracks |
| 20:47 | [GER] MEM · first_market_buy 100 food |
| 20:51 | KeremS · wall_segment Stone Wall x13 |
| 20:51 | Wolliwup · first_building Monastery |
| 20:53 | KekB_Perce1992 · age_up castle |
| 21:23 | KekB_Perce1992 · first_building Castle |
| 21:44 | KeremS · first_market_sell 100 wood |
| 21:48 | LM | Gelga · wall_segment Stone Wall x3 |
| 22:20 | Wolliwup · first_building Stable |
| 22:24 | KeremS · wall_segment Stone Wall x1 |
| 22:28 | KeremS · wall_segment Stone Wall x12 |
| 22:33 | [GER] MEM · first_building Castle |
| 22:38 | KekB_Perce1992 · first_building Siege Workshop |
| 23:12 | Rüdiger · wall_segment Palisade Wall x1 |
| 23:16 | Rüdiger · wall_segment Palisade Wall x1 |
| 23:23 | KeremS · wall_segment Stone Wall x5 |
| 24:37 | KeremS · first_building Siege Workshop |
| 25:24 | Wolliwup · first_market_sell 100 wood |
| 25:31 | Lynx · first_building Siege Workshop |
| 25:39 | [Glitchmob] Schnippi · first_building Barracks |
| 25:56 | Rüdiger · first_building Monastery |
| 26:06 | [Glitchmob] Schnippi · first_building Stable |
| 27:01 | Lynx · first_building Barracks |
| 27:10 | [Glitchmob] Schnippi · first_building Siege Workshop |
| 27:19 | [Glitchmob] Schnippi · first_building Castle |
| 28:00 | Rüdiger · first_building Barracks |
| 28:12 | [Glitchmob] Schnippi · age_up imperial |
| 28:23 | Lynx · first_building Stable |
| 28:49 | Lynx · first_building Castle |
| 28:54 | Rüdiger · first_building Stable |
| 28:59 | [Glitchmob] Schnippi · first_market_sell 100 food |
| 29:06 | KeremS · first_building Castle |
| 29:17 | KekB_Perce1992 · age_up imperial |
| 29:24 | KeremS · first_building Barracks |
| 29:31 | [GER] MEM · first_building Barracks |
| 29:37 | Lynx · age_up imperial |
| 30:08 | Rüdiger · age_up imperial |
| 30:34 | Rüdiger · first_building Castle |
| 30:41 | Wolliwup · first_building Siege Workshop |
| 30:46 | Wolliwup · age_up imperial |
| 30:54 | [GER] MEM · first_building Archery Range |
| 32:15 | [GER] MEM · wall_segment Stone Wall x1 |
| 32:15 | [GER] MEM · age_up imperial |
| 32:41 | Wolliwup · first_building Castle |
| 33:21 | KeremS · age_up imperial |
| 33:24 | Rüdiger · wall_segment Stone Wall x7 |
| 33:24 | LM | Gelga · age_up imperial |
| 33:26 | LM | Gelga · first_building Barracks |
| 33:35 | Rüdiger · wall_segment Stone Wall x10 |
| 35:05 | LM | Gelga · first_building Siege Workshop |
| 38:05 | Rüdiger · tribute_sent a jugador 1 |
| 38:05 | Rüdiger · tribute_sent a jugador 2 |
| 38:05 | Rüdiger · tribute_sent a jugador 3 |
| 38:05 | Rüdiger · tribute_sent a jugador 4 |
| 38:05 | Rüdiger · tribute_sent a jugador 5 |
| 38:05 | Rüdiger · tribute_sent a jugador 7 |
| 38:05 | Rüdiger · tribute_sent a jugador 8 |
| 40:45 | KeremS · wall_segment Stone Wall x1 |
| 42:27 | LM | Gelga · wall_segment Stone Wall x5 |
| 42:34 | Lynx · tribute_sent a jugador 1 |
| 42:34 | Lynx · tribute_sent a jugador 2 |
| 42:34 | Lynx · tribute_sent a jugador 3 |
| 42:34 | Lynx · tribute_sent a jugador 4 |
| 42:34 | Lynx · tribute_sent a jugador 5 |
| 42:34 | Lynx · tribute_sent a jugador 6 |
| 42:34 | Lynx · tribute_sent a jugador 7 |
| 42:37 | Rüdiger · tribute_sent a jugador 1 |
| 42:37 | Rüdiger · tribute_sent a jugador 2 |
| 42:37 | Rüdiger · tribute_sent a jugador 3 |
| 42:37 | Rüdiger · tribute_sent a jugador 4 |
| 42:37 | Rüdiger · tribute_sent a jugador 5 |
| 42:37 | Rüdiger · tribute_sent a jugador 7 |
| 42:37 | Rüdiger · tribute_sent a jugador 8 |
| 43:48 | Wolliwup · first_building Archery Range |
| 44:50 | Lynx · wall_segment Stone Wall x12 |
| 44:53 | Lynx · wall_segment Stone Wall x8 |
| 45:07 | LM | Gelga · tribute_sent a jugador 1 |
| 45:07 | LM | Gelga · tribute_sent a jugador 2 |
| 45:07 | LM | Gelga · tribute_sent a jugador 3 |
| 45:07 | LM | Gelga · tribute_sent a jugador 5 |
| 45:07 | LM | Gelga · tribute_sent a jugador 6 |
| 45:07 | LM | Gelga · tribute_sent a jugador 7 |
| 45:07 | LM | Gelga · tribute_sent a jugador 8 |
| 45:40 | [GER] MEM · wall_segment Stone Wall x2 |
| 46:16 | Rüdiger · tribute_sent a jugador 1 |
| 46:16 | Rüdiger · tribute_sent a jugador 2 |
| 46:16 | Rüdiger · tribute_sent a jugador 3 |
| 46:16 | Rüdiger · tribute_sent a jugador 4 |
| 46:16 | Rüdiger · tribute_sent a jugador 5 |
| 46:16 | Rüdiger · tribute_sent a jugador 7 |
| 46:16 | Rüdiger · tribute_sent a jugador 8 |
| 48:08 | [GER] MEM · wall_segment Stone Wall x9 |
| 48:09 | [GER] MEM · wall_segment Stone Wall x2 |
| 48:13 | [Glitchmob] Schnippi · tribute_sent a jugador 1 |
| 48:13 | [Glitchmob] Schnippi · tribute_sent a jugador 3 |
| 48:13 | [Glitchmob] Schnippi · tribute_sent a jugador 4 |
| 48:13 | [Glitchmob] Schnippi · tribute_sent a jugador 5 |
| 48:13 | [Glitchmob] Schnippi · tribute_sent a jugador 6 |
| 48:13 | [Glitchmob] Schnippi · tribute_sent a jugador 7 |
| 48:13 | [Glitchmob] Schnippi · tribute_sent a jugador 8 |
| 50:27 | Rüdiger · wall_segment Stone Wall x23 |
| 50:58 | Rüdiger · tribute_sent a jugador 1 |
| 50:58 | Rüdiger · tribute_sent a jugador 2 |
| 50:58 | Rüdiger · tribute_sent a jugador 3 |
| 50:58 | Rüdiger · tribute_sent a jugador 4 |
| 50:58 | Rüdiger · tribute_sent a jugador 5 |
| 50:58 | Rüdiger · tribute_sent a jugador 7 |
| 50:58 | Rüdiger · tribute_sent a jugador 8 |
| 54:00 | Rüdiger · tribute_sent a jugador 1 |
| 54:00 | Rüdiger · tribute_sent a jugador 2 |
| 54:00 | Rüdiger · tribute_sent a jugador 3 |
| 54:00 | Rüdiger · tribute_sent a jugador 4 |
| 54:00 | Rüdiger · tribute_sent a jugador 5 |
| 54:00 | Rüdiger · tribute_sent a jugador 7 |
| 54:00 | Rüdiger · tribute_sent a jugador 8 |
| 54:28 | [Glitchmob] Schnippi · wall_segment Palisade Wall x1 |
| 54:29 | [Glitchmob] Schnippi · wall_segment Palisade Wall x1 |
| 54:32 | [Glitchmob] Schnippi · wall_segment Palisade Wall x1 |
| 54:41 | Lynx · wall_segment Stone Wall x3 |
| 54:49 | LM | Gelga · wall_segment Stone Wall x4 |
| 54:56 | [Glitchmob] Schnippi · wall_segment Stone Wall x6 |
| 56:53 | Lynx · wall_segment Stone Wall x22 |
| 59:52 | KekB_Perce1992 · resign |
[ AI ANALYSIS · 1 CREDIT ]
What really happened in this match?
Wolo.gg analyzes every decision: build order, eco, micro, common mistakes by bracket. Personalized analysis on WhatsApp or Discord in 30 seconds.
Civ guide
Wei
Perfil
Jugador #10291028